 Dungeon Crawl Stone Soup version 0.22-a0-352-gc608dd7 (webtiles) character file.

8659 Amnesiac the Destroyer (level 10, -1/79 (80) HPs)
             Began as a Demigod Conjurer on Apr 14, 2018.
             Slain by a troll (16 damage)
             ... on level 11 of the Dungeon.
             The game lasted 00:20:21 (10867 turns).

Amnesiac the Destroyer (Demigod Conjurer)          Turns: 10867, Time: 00:20:22

HP:   -1/79 (80)    AC: 11    Str: 11    XL:     10   Next: 89%
MP:   1/27          EV: 14    Int: 25    God:
Gold: 441           SH:  5    Dex: 16    Spells: 9/27 levels left

rFire    + . .     SeeInvis .   a - +1 hand crossbow
rCold    + . .     Gourm    .   m - +0 buckler
rNeg     . . .     Faith    .   z - +3 leather armour {rF+}
rPois    +         Spirit   .   B - +1 helmet
rElec    .         Reflect  .   Q - +1 cloak
rCorr    .         Harm     .   R - +0 pair of gloves
MR       +....                  (no boots)
Stlth    ++........             F - amulet of regeneration
HPRegen  0.63/turn              J - ring of poison resistance
MPRegen  0.20/turn              W - ring of protection from cold

@: no status effects
A: high mp 1
a: no special abilities


You were on level 11 of the Dungeon.
You were not hungry.

You visited 1 branch of the dungeon, and saw 11 of its levels.

You collected 708 gold pieces.
You spent 267 gold pieces at shops.

Inventory:

Hand Weapons
 a - a +1 hand crossbow (weapon)
 b - a +2 dagger of draining
 f - a +0 blowgun
 C - a +0 hunting sling
 S - a +1 dagger of venom
Missiles
 d - 4 needles of confusion
 i - 306 stones
 n - 51 poisoned needles
 E - 34 bolts (quivered)
 M - 20 sling bullets
Armour
 m - a +0 buckler (worn)
 z - a +3 leather armour of fire resistance (worn)
 B - a +1 helmet (worn)
 Q - a +1 cloak (worn)
 R - a +0 pair of gloves (worn)
Magical Staves
 x - an uncursed staff of cold
Jewellery
 k - an uncursed ring of fire
 o - an uncursed ring of ice
 F - an amulet of regeneration (around neck)
 J - a ring of poison resistance (left hand)
 P - an uncursed ring of flight
 W - a ring of protection from cold (right hand)
Wands
 v - a wand of flame (27)
 y - a wand of iceblast (4)
 A - a wand of polymorph (23)
 H - a wand of disintegration (15)
 K - a wand of acid (10)
 N - a wand of paralysis (12)
 O - a wand of digging (33)
Scrolls
 e - 9 scrolls of remove curse {!r}
 g - 3 scrolls of amnesia {!r}
 h - 6 scrolls of teleportation {!r}
 l - 4 scrolls of noise {!r}
 p - 4 scrolls of magic mapping {!r}
 w - 3 scrolls of enchant weapon {!r}
 D - 2 scrolls of enchant armour {!r}
 T - 2 scrolls of blinking {!r}
Potions
 j - 3 potions of brilliance {!q}
 q - a potion of heal wounds {!q}
 r - a potion of mutation {!q}
 s - 3 potions of lignification {!q}
 t - a potion of haste {!q}
 u - 2 potions of flight {!q}
 G - 2 potions of curing {!q}
 I - 2 potions of invisibility {!q}
 L - 3 potions of agility {!q}
 V - 2 potions of ambrosia {!q, unknown}
Comestibles
 c - 21 rations


   Skills:
 + Level 4.9 Fighting
 + Level 4.9 Dodging
 - Level 1.7 Stealth
 - Level 4.1 Shields
 - Level 9.0 Spellcasting
 - Level 9.2 Conjurations
 + Level 4.9 Evocations


You had 9 spell levels left.
You knew the following spells:

 Your Spells              Type           Power        Failure   Level  Hunger
a - Iskenderun's Mystic   Conj           ######..     1%          4    ##.....
b - Force Lance           Conj/Tloc      ####....     11%         4    ##.....
c - Apportation           Tloc           ##....       7%          1    None
d - Summon Small Mammal   Summ           ##..         7%          1    None
e - Searing Ray           Conj           ######       1%          2    None
f - Animate Skeleton      Necr           N/A          7%          1    None
s - Fulminant Prism       Conj/Hex       ####......   11%         4    ##.....
z - Confusing Touch       Hex            ##....       7%          1    None


Dungeon Overview and Level Annotations

Branches:
Dungeon (11/15)            Temple (0/1) D:5            Lair (0/6) D:9
    Orc: D:9-12

Shops:
D:6 *   D:10 ?


Innate Abilities, Weirdness & Mutations

You have an increased reservoir of magic. (+10% MP)


Message History

Aim: a troll (moderately wounded)
You shoot a bolt. The bolt barely misses the troll.
You block the troll's attack. The troll closely misses you.
You block the troll's attack. x2; The troll misses you. x2
Your magical contamination has completely faded away.
Firing (i - inventory. (/) - cycle)
E - 38 bolts (quivered)
Press: ? - help, Shift-Dir - straight line, f/p - troll
Aim: a troll (moderately wounded)
You shoot a bolt. The bolt hits the troll.
The troll is moderately wounded.
The troll barely misses you. The troll closely misses you.
You block the troll's attack.
Firing (i - inventory. (/) - cycle)
E - 37 bolts (quivered)
Press: ? - help, Shift-Dir - straight line, f/p - troll
Aim: a troll (moderately wounded)
You shoot a bolt.
The bolt hits the troll but does no damage.
The troll is moderately wounded.
The troll completely misses you.
The troll claws you but does no damage. x2
The troll misses you. The troll closely misses you.
You block the troll's attack.
Casting: Searing Ray (safe; 1% risk of failure)
Confirm with . or Enter, or press ? or * to list all spells.
Aiming: Searing Ray (safe; 1% risk of failure)
Press: ? - help, Shift-Dir - straight line, f/p - troll
Aim: a troll (moderately wounded)
The searing ray hits the troll.
The troll is heavily wounded. (Press . to maintain the ray.)
The troll bites you.
The troll claws you but does no damage. x2
The searing ray hits the troll.
The troll is heavily wounded.
The troll closely misses you. The troll claws you. x2
The searing ray hits the troll.
The troll is heavily wounded.
The troll misses you. The troll claws you! x2
All of the chunks of flesh in your inventory have rotted away.
The searing ray hits the troll.
The troll is severely wounded.
You finish channeling your searing ray.
The troll bites you but does no damage. The troll claws you!
* * * LOW HITPOINT WARNING * * *
You block the troll's attack.
Firing (i - inventory. (/) - cycle)
E - 36 bolts (quivered)
Press: ? - help, Shift-Dir - straight line, f/p - troll
Aim: a troll (severely wounded)
You shoot a bolt.
The bolt hits the troll but does no damage.
The troll is severely wounded.
You block the troll's attack. The troll claws you.
* * * LOW HITPOINT WARNING * * *
The troll claws you!
* * * LOW HITPOINT WARNING * * *
Firing (i - inventory. (/) - cycle)
E - 35 bolts (quivered)
Press: ? - help, Shift-Dir - straight line, f/p - troll
Aim: a troll (severely wounded)
You shoot a bolt. The bolt hits the troll!
The troll is almost dead.
The troll bites you!
* * * LOW HITPOINT WARNING * * *
The troll claws you!
* * * LOW HITPOINT WARNING * * *
You block the troll's attack. The troll bites you!
You die...

#....######.. . #....#....#.. #..
#....#....'.. #.. #....#....###
#..###########....#.......
#.................#.......
#.................#....... .
#.................###.....
..######(.....(T@..........#.....
....(.........######.......#.....
..............+ #.....<.#.....
.(....(.......# #.......#.....
|..###'###...# #.......####+#
#.....#...#+####.............
#../..#......................
#.....#......................
#.....#.....########.....####


You could see a troll.

Vanquished Creatures
  A two-headed ogre (D:8)
  Pikel (D:7)
  Maurice (D:8)
  Joseph (D:7)
  A troll (D:11)
  2 hornets (D:9)
  A hippogriff (D:10)
  Grinder (D:4)
  3 yaks (D:10)
  Sigmund (D:3)
  A steam dragon (D:9)
  A wyvern (D:9)
  A hungry ghost (D:9)
  The ghost of Amnesiac the Conjurer, an amateur DgCj (D:4)
  The ghost of Amnesiac the Conjurer, an amateur DgCj (D:5)
  A soldier ant (D:9)
  A water moccasin (D:10)
  3 sky beasts
  3 orc warriors
  2 ice beasts (D:8)
  A necrophage (D:6)
  3 phantoms
  A black bear (D:9)
  3 slaves (D:7)
  4 ogres
  A hornet zombie (D:9)
  3 centaurs
  The ghost of VDreamerV the Changer, an amateur FoTm (D:3)
  2 crocodiles
  3 big kobolds
  8 bullfrogs
  A scorpion (D:8)
  A water moccasin skeleton (D:7)
  5 wights (D:9)
  A howler monkey (D:10)
  4 crimson imps
  3 hounds
  A jelly (D:9)
  4 orc priests
  A bullfrog skeleton (D:5)
  10 orc wizards
  An iguana (D:10)
  Natasha (thrice) (D:4)
  Ijyb (D:3)
  A centaur skeleton (D:6)
  9 worker ants
  2 killer bee zombies
  3 hound skeletons
  Robin (D:3)
  4 worker ant zombies
  8 adders
  3 gnolls
  2 shadow imps
  An ooze (D:3)
  An adder zombie (D:6)
  An adder skeleton (D:4)
  A dart slug (D:3)
  5 leopard geckos
  34 orcs
  4 bats
  2 giant cockroaches
  12 goblins
  5 hobgoblins
  8 jackals
  31 kobolds
  5 quokkas
  2 ball pythons
  4 frilled lizards
  2 leopard gecko skeletons
  A leopard gecko zombie (D:5)
  8 rats
  A plant (D:4)
255 creatures vanquished.

Vanquished Creatures (others)
  A hobgoblin (D:4)
  A kobold (D:4)
2 creatures vanquished.

Grand Total: 257 creatures vanquished

Notes
Turn   | Place    | Note
-------+----------+-------------------------------------------
     0 | D:1      | Amnesiac the Demigod Conjurer began the quest for the Orb.
     0 | D:1      | Reached XP level 1. HP: 14/14 MP: 5/5
   341 | D:1      | Reached XP level 2. HP: 20/20 MP: 1/7
   351 | D:1      | Learned a level 2 spell: Searing Ray
   854 | D:2      | Reached XP level 3. HP: 21/26 MP: 2/9
   971 | D:2      | Found a shattered altar of Ashenzari.
  1134 | D:2      | Noticed a dagger
  1143 | D:2      | Noticed a dagger
  1186 | D:2      | Found a hide-covered altar of Uskayaw.
  1249 | D:3      | Reached skill level 1 in Shields
  1380 | D:3      | Noticed VDreamerV's ghost (amateur FoTm)
  1464 | D:3      | Killed VDreamerV's ghost
  1464 | D:3      | Reached XP level 4. HP: 2/33 MP: 2/12
  1737 | D:3      | Found an opulent altar of Gozag.
  1741 | D:3      | Found a stormy altar of Qazlal.
  1881 | D:3      | Noticed Sigmund
  1886 | D:3      | Killed Sigmund
  1886 | D:3      | Reached XP level 5. HP: 26/38 MP: 8/14
  1937 | D:3      | Learned a level 4 spell: Force Lance
  1942 | D:3      | Learned a level 4 spell: Iskenderun's Mystic Blast
  1984 | D:3      | Noticed Ijyb
  1999 | D:3      | Killed Ijyb
  1999 | D:3      | Reached XP level 6. HP: 34/45 MP: 1/15
  2101 | D:3      | Found a shadowy altar of Dithmenos.
  2189 | D:4      | Found a shimmering altar of Xom.
  2469 | D:4      | Noticed Amnesiac's ghost (amateur DgCj)
  2484 | D:4      | Killed Amnesiac's ghost
  2484 | D:4      | Reached skill level 5 in Conjurations
  2700 | D:4      | Noticed Natasha
  2707 | D:4      | Killed Natasha
  2823 | D:4      | Noticed Robin
  2864 | D:3      | Killed Robin
  2864 | D:3      | Reached XP level 7. HP: 30/50 MP: 0/17
  3043 | D:3      | Reached skill level 5 in Spellcasting
  3205 | D:4      | Noticed Natasha
  3210 | D:4      | Killed Natasha
  3718 | D:4      | Noticed Grinder
  3720 | D:4      | Paralysed by Grinder for 4 turns
  3727 | D:4      | Killed Grinder
  3788 | D:4      | Noticed Natasha
  3796 | D:4      | Killed Natasha
  4004 | D:5      | Entered Level 5 of the Dungeon
  4078 | D:5      | Found an ancient bone altar of Kikubaaqudgha.
  4158 | D:5      | Learned a level 4 spell: Fulminant Prism
  4346 | D:5      | Noticed Amnesiac's ghost (amateur DgCj)
  4362 | D:5      | Killed Amnesiac's ghost
  4387 | D:5      | Reached XP level 8. HP: 52/57 MP: 6/21
  4708 | D:5      | Found a staircase to the Ecumenical Temple.
  4961 | D:6      | Found Buenejae's Assorted Antiques.
  4967 | D:6      | Bought a coppery potion for 24 gold pieces
  4967 | D:6      | Bought a glowing gilded ring for 135 gold pieces
  4967 | D:6      | Bought a silver wand for 108 gold pieces
  5627 | D:6      | Found a burning altar of Makhleb.
  5941 | D:6      | Learned a level 1 spell: Apportation
  5943 | D:6      | Learned a level 1 spell: Confusing Touch
  5945 | D:6      | Learned a level 1 spell: Summon Small Mammal
  5947 | D:6      | Learned a level 1 spell: Animate Skeleton
  6240 | D:7      | Noticed Joseph
  6325 | D:7      | Killed Joseph
  6325 | D:7      | Reached XP level 9. HP: 37/61 MP: 14/25
  6807 | D:7      | Noticed Pikel
  6812 | D:7      | Killed Pikel
  7018 | D:8      | Found a sparkling altar of Nemelex Xobeh.
  7160 | D:8      | Noticed a two-headed ogre
  7167 | D:8      | Killed a two-headed ogre
  7208 | D:8      | Found a deep blue altar of Sif Muna.
  7372 | D:8      | Noticed Maurice
  7454 | D:8      | Killed Maurice
  7454 | D:8      | Reached skill level 1 in Fighting
  7454 | D:8      | Reached skill level 1 in Evocations
  7456 | D:8      | Got a fine buckler
  7580 | D:8      | Found a blossoming altar of Fedhas.
  7734 | D:8      | Found a shimmering altar of Xom.
  7810 | D:8      | Reached XP level 10. HP: 72/72 MP: 12/26
  7880 | D:8      | Identified the cursed -7 buckler of Fortitude {+Blink rF- rCorr} (You took it off an orc priest on level 8 of the Dungeon)
  8540 | D:9      | Paralysed by a hornet for 2 turns
  8690 | D:9      | Found a staircase to the Lair.
  9248 | D:9      | Got a jewelled scale mail
  9505 | D:9      | Identified the +1 scale mail "Deckig" {Str+3 Dex+3 Stlth+} (You took it off an orc on level 9 of the Dungeon)
  9547 | D:10     | Entered Level 10 of the Dungeon
  9782 | D:10     | Found Emerururgh's Magic Scroll Shop.
 10867 | D:11     | Slain by a troll

Vault maps used:
D:1:      co_arrival_square_in_a_square_in_a_square
D:2:      dancing_weapons_uskayaw, first_ration, evilmike_ruin_ashenzari
D:3:      lemuel_crystal_altar, lemuel_coloured_pillars_altar,
          nicolae_gozag_seed_capital, uniq_ijyb, uniq_sigmund
D:4:      kennysheep_kobold_camp, minmay_ruined_shrine, uniq_grinder,
          uniq_natasha, uniq_robin
D:5:      marbit_many_paths, temple_hall
D:6:      makhleb_blood_cavern_becter, serial_shops, shop
D:7:      uniq_pikel, uniq_joseph
D:8:      fedhas_bush_and_centaur_altar, lemuel_crystal_altar,
          kennysheep_little_box, brannock_xom_greatest_gift, uniq_maurice
D:9:      lair_entry_dummy, hangedman_pestilent_swarm
D:10:     serial_shops, nicolae_shop_window_shopping
D:11:     nicolae_blasting_shop

Skill      XL: |  1  2  3  4  5  6  7  8  9 10 |
---------------+-------------------------------+-----
Spellcasting   | 2 3 4 6 8 9 |  9.0
Conjurations   | 4 5 7 9 |  9.2
Shields        | 1 2 3 4 |  4.1
Fighting       | 2 4 |  4.9
Evocations     | 2 4 |  4.9
Dodging        | 2 4 |  4.9
Stealth        | |  1.7

Action                   |  1- 3 |  4- 6 |  7- 9 | 10-12 || total
-------------------------+-------+-------+-------+-------++-------
Melee: Unarmed           |    11 |       |     1 |       ||    12
       Dagger            |       |       |   175 |       ||   175
 Fire: Hand crossbow     |       |       |   202 |   177 ||   379
       Blowgun           |       |       |     6 |       ||     6
 Cast: Magic Dart        |    66 |    28 |     6 |       ||   100
       Searing Ray       |     4 |    19 |    15 |     2 ||    40
       Iskenderun's Myst |       |       |    64 |   103 ||   167
  Use: Scroll            |     2 |       |    15 |     3 ||    20
       Potion            |       |       |     1 |       ||     1
  Eat: Chunk             |     2 |     4 |    15 |    10 ||    31
       Ration            |       |       |     1 |     1 ||     2
Armor: Robe              |     6 |     1 |       |       ||     7
       Leather armour    |       |     8 |    93 |    76 ||   177
Dodge: Dodged            |    20 |    15 |   124 |   112 ||   271
Block: Buckler           |       |     6 |    58 |    58 ||   122

Table legend:
 A = Spawn XP
 B = Non-spawn XP
 C = Spawn XP percentage of total XP
 D = Spawn monster count
 E = Non-spawn monster count
 F = Spawn count percentage of total count
 G = Total turns spent on level
                    A         B        C        D         E        F      G
               +---------+---------+-------+---------+---------+-------+---------
         Total |       0 |   12370 |   0.0 |       0 |     251 |   0.0 | 10867
               +---------+---------+-------+---------+---------+-------+---------
           D:1 |       0 |      17 |   0.0 |       0 |       9 |   0.0 |   530
           D:2 |       0 |      53 |   0.0 |       0 |      23 |   0.0 |   725
           D:3 |       0 |     524 |   0.0 |       0 |      17 |   0.0 |  1384
           D:4 |       0 |     741 |   0.0 |       0 |      47 |   0.0 |  1489
           D:5 |       0 |     558 |   0.0 |       0 |      11 |   0.0 |   830
           D:6 |       0 |     846 |   0.0 |       0 |      20 |   0.0 |   990
           D:7 |       0 |    1658 |   0.0 |       0 |      26 |   0.0 |  1020
           D:8 |       0 |    2451 |   0.0 |       0 |      26 |   0.0 |  1322
           D:9 |       0 |    3141 |   0.0 |       0 |      40 |   0.0 |  1257
          D:10 |       0 |    1810 |   0.0 |       0 |      22 |   0.0 |   896
          D:11 |       0 |     571 |   0.0 |       0 |      10 |   0.0 |   424
               +---------+---------+-------+---------+---------+-------+---------
